 Dungeon Crawl Stone Soup version 0.30.0-19-g36f170ea60 (webtiles) character file.

Game seed: 1291733967389551614

770 AlmostDecent the Magician (level 7, -10/51 HPs)
             Began as a Gnoll Earth Elementalist on May 30, 2023.
             Was an Initiate of Vehumet.
             Mangled by an orc warrior
             ... wielding a +0 scimitar
              (12 damage)
             ... on level 5 of the Dungeon on May 31, 2023.
             The game lasted 00:14:32 (4284 turns).

AlmostDecent the Magician (GnEE)                    Turns: 4284, Time: 00:14:33

Health: -10/51     AC:  4    Str:  7    XL:     7   Next: 82%
Magic:  3/16       EV: 14    Int: 16    God:    Vehumet [......]
Gold:   204        SH:  0    Dex: 13    Spells: 14/18 levels left

rFire   + .          .
                       - Unarmed
rCold   + . .        (no shield)
rNeg    + . .        a - +0 robe
rPois   .            o - +0 helmet
rElec   .            (no cloak)
rCorr   .            (no gloves)
SInv    .            l - +0 pair of boots
Will    .....        (no amulet)
Stlth   +++          m - ring of protection from cold
HPRegen 0.28/turn    g - ring of Wyoriwupt {rF+ rN+}
MPRegen 0.15/turn

%: no passive effects
@: studying Spellcasting
A: fangs 1, strong nose, distributed training
a: Renounce Religion


You were on level 5 of the Dungeon.
You worshipped Vehumet.
Vehumet was noncommittal.
You visited 2 branches of the dungeon, and saw 6 of its levels.

You collected 204 gold pieces.

Inventory:

Missiles
 b - 2 throwing nets
Armour
 a - a +0 robe (worn)
 l - a +0 pair of boots (worn)
 o - a +0 helmet (worn)
 p - a +1 helmet
Jewellery
 g - the ring of Wyoriwupt (right hand) {rF+ rN+}
   (You found it on level 5 of the Dungeon)

   [ring of positive energy]

   rF:        It protects you from fire.
   rN:        It protects you from negative energy.
 m - a ring of protection from cold (left hand)
Wands
 h - a wand of roots (11)
Scrolls
 c - a scroll of fog
 d - 3 scrolls of vulnerability
 n - 4 scrolls of teleportation
Potions
 e - 2 potions of curing
 f - a potion of lignification
 i - 3 potions of degeneration
 j - a potion of haste
 k - a potion of resistance


   Skills:
 + Level 2.8 Fighting
 + Level 2.8 Short Blades
 + Level 2.8 Long Blades
 + Level 2.8 Axes
 + Level 2.8 Maces & Flails
 + Level 2.8 Polearms
 + Level 2.8 Staves
 + Level 2.8 Ranged Weapons
 + Level 2.8 Throwing
 + Level 2.8 Armour
 + Level 5.4 Dodging
 + Level 5.1 Stealth
 + Level 2.8 Shields
 + Level 2.8 Unarmed Combat
 + Level 6.1 Spellcasting
 + Level 2.3 Conjurations
 + Level 2.3 Hexes
 + Level 2.3 Summonings
 + Level 2.3 Necromancy
 + Level 2.3 Translocations
 + Level 3.2 Transmutations
 + Level 2.3 Fire Magic
 + Level 2.3 Ice Magic
 + Level 2.3 Air Magic
 + Level 6.0 Earth Magic
 + Level 2.3 Poison Magic
 + Level 3.1 Invocations
 + Level 2.8 Evocations


You had 14 spell levels left.
You knew the following spells:

 Your Spells              Type           Power      Damage    Failure   Level
a - Sandblast             Erth           48%        2d12      1%          1
b - Stone Arrow           Conj/Erth      36%        3d9       8%          3

Your spell library contained the following spells:

 Spells                   Type           Power      Damage    Failure   Level
 Passwall                 Tmut/Erth      15%        N/A       3%          2
 Dazzling Flash           Conj/Hex       24%        N/A       16%         3
 Petrify                  Tmut/Erth      19%        N/A       21%         4
 Agony                    Necr           12%        N/A       82%         5
 Silence                  Hex/Air        6%         N/A       82%         5


Dungeon Overview and Level Annotations

Branches:
Dungeon (5/15)             Temple (1/1) D:5

Altars:
Ashenzari
Dithmenos
Elyvilon
Gozag
Kikubaaqudgha
Makhleb
Nemelex Xobeh
Okawaru
Trog
Uskayaw
Vehumet
Wu Jian
Xom
Yredelemnul
Zin
The Shining One

Shops:
D:2 (   D:4 [


Innate Abilities, Weirdness & Mutations

You have very sharp teeth.
Your uncanny sense of smell can sniff out nearby items.
Your experience applies equally to all skills.


Message History

The orc priest invokes the aid of Beogh against you.
Beogh smites you!
* * * LOW HITPOINT WARNING * * *
The orc warrior hits you with a +0 scimitar!
* * * LOW HITPOINT WARNING * * *
The orc priest invokes the aid of Beogh against you.
Pain shoots through your body!
* * * LOW HITPOINT WARNING * * *
You feel better. The orc warrior barely misses you.
The orc priest closely misses you.
The orc priest looks braver for a moment.
The orc priest attacks as you move away!
The orc priest closely misses you.
You are too injured to fight recklessly!
Casting: Sandblast (safe; 1% risk of failure)
Confirm with . or Enter, or press ? or * to list all spells.
Aiming: Stone Arrow (dangerous; 8% risk of failure)
Press: ? - help, Shift-Dir - straight line, f/p - orc warrior
Aim: an orc warrior, wielding a +0 scimitar and wearing a +0 plate armour (severely wounded, 68% to hit)
The stone arrow hits the orc warrior.
The orc warrior is severely wounded.
The orc priest calls down the wrath of Beogh upon you.
Beogh smites you!
* * * LOW HITPOINT WARNING * * *
Casting: Stone Arrow (dangerous; 8% risk of failure)
Confirm with . or Enter, or press ? or * to list all spells.
Aiming: Stone Arrow (dangerous; 8% risk of failure)
Press: ? - help, Shift-Dir - straight line, f/p - orc warrior
Aim: an orc warrior, wielding a +0 scimitar and wearing a +0 plate armour (severely wounded, 68% to hit)
The stone arrow hits the orc warrior.
The orc warrior is almost dead.
Casting: Stone Arrow (dangerous; 8% risk of failure)
Confirm with . or Enter, or press ? or * to list all spells.
Aiming: Sandblast (safe; 1% risk of failure)
Press: ? - help, Shift-Dir - straight line, f/p - orc warrior
Aim: an orc warrior, wielding a +0 scimitar and wearing a +0 plate armour (almost dead, 83% to hit)
The blast of sand hits the orc warrior but does no damage.
The orc warrior is almost dead.
The orc warrior hits you with a +0 scimitar!
You die...

#..#.#.#.......# #.#
#.# #.....
#...#.#.[......# #.#
#.###.#.##
##.............## #.#
#.......##
#..#####.......# #.#
#.###.#... #.###
#####.### ##.###.#
#.###. ....# #.#
###...##.###.###'
###.# #.#
#............#≈≈.
....#
#.####.#......###.'.#.
##..# #o.oo@.##.#.###
###≈§# #..#
#...#######.#.# #≈.§
#.........#. #.#.#
##'# ......... >.
#...# #.. .#.######
#.# ##..# ##. .#.# #.
#..# . #.# #.∆ #..# .
#.# .. ...# .


You could see an orc warrior and 2 orc priests.

Vanquished Creatures
  A black bear (D:4)
  An ogre (D:2)
  A phantom (D:4)
  A scorpion (D:5)
  A howler monkey (D:4)
  Natasha (thrice) (D:2)
  Terence (D:2)
  2 iguanas (D:4)
  An orc wizard (D:5)
  A sleepcap (D:5)
  4 adders
  8 gnolls
  2 ufetubi (D:5)
  4 dart slugs
  9 orcs
  5 endoplasms
  4 giant cockroaches
  9 goblins
  6 hobgoblins
  4 jackals (D:5)
  A quokka (D:4)
  4 ball pythons
  4 frilled lizards
  11 kobolds
  5 rats
93 creatures vanquished.

Notes
Turn   | Place    | Note
-------+----------+-------------------------------------------
     0 | D:1      | AlmostDecent the Gnoll Earth Elementalist began the quest
                  | for the Orb.
     0 | D:1      | Reached XP level 1. HP: 13/13 MP: 6/6
   138 | D:1      | Reached XP level 2. HP: 20/20 MP: 5/7
   672 | D:2      | Found Quf Cuq's Weapon Emporium.
   707 | D:2      | Noticed an ogre
   734 | D:2      | Killed an ogre
   735 | D:2      | Reached skill level 1 in Fighting
   735 | D:2      | Reached skill level 1 in Short Blades
   735 | D:2      | Reached skill level 1 in Long Blades
   735 | D:2      | Reached skill level 1 in Axes
   735 | D:2      | Reached skill level 1 in Maces & Flails
   735 | D:2      | Reached skill level 1 in Polearms
   735 | D:2      | Reached skill level 1 in Staves
   735 | D:2      | Reached skill level 1 in Ranged Weapons
   735 | D:2      | Reached skill level 1 in Throwing
   735 | D:2      | Reached skill level 1 in Armour
   735 | D:2      | Reached skill level 1 in Shields
   735 | D:2      | Reached skill level 1 in Unarmed Combat
   735 | D:2      | Reached skill level 5 in Spellcasting
   735 | D:2      | Reached skill level 1 in Conjurations
   735 | D:2      | Reached skill level 1 in Hexes
   735 | D:2      | Reached skill level 1 in Summonings
   735 | D:2      | Reached skill level 1 in Necromancy
   735 | D:2      | Reached skill level 1 in Translocations
   735 | D:2      | Reached skill level 1 in Fire Magic
   735 | D:2      | Reached skill level 1 in Ice Magic
   735 | D:2      | Reached skill level 1 in Air Magic
   735 | D:2      | Reached skill level 1 in Poison Magic
   735 | D:2      | Reached skill level 1 in Invocations
   735 | D:2      | Reached skill level 1 in Evocations
   735 | D:2      | Reached XP level 3. HP: 26/26 MP: 4/9
   735 | D:2      | Reached XP level 4. HP: 32/32 MP: 4/11
   849 | D:2      | Noticed Terence
   856 | D:2      | Killed Terence
   857 | D:2      | Reached XP level 5. HP: 8/37 MP: 5/12
   988 | D:2      | Noticed Natasha
   991 | D:2      | Killed Natasha
  1130 | D:2      | Noticed Natasha
  1133 | D:2      | Killed Natasha
  1289 | D:2      | Noticed Natasha
  1292 | D:2      | Killed Natasha
  1447 | D:3      | Reached XP level 6. HP: 44/44 MP: 9/13
  2058 | D:3      | Reached skill level 5 in Dodging
  2252 | D:4      | Found a burning altar of Makhleb.
  2438 | D:4      | Found Tanenaga's Dragon-Slaying Spoils.
  2685 | D:4      | Found an ancient bone altar of Kikubaaqudgha.
  2888 | D:4      | Learned a level 3 spell: Stone Arrow
  3041 | D:4      | Reached XP level 7. HP: 50/50 MP: 13/15
  3056 | D:4      | Found a hide-covered altar of Uskayaw.
  3270 | D:4      | Reached skill level 5 in Stealth
  3645 | D:5      | Entered Level 5 of the Dungeon
  3666 | D:5      | Found a staircase to the Ecumenical Temple.
  3677 | Temple   | Entered the Ecumenical Temple
  3737 | Temple   | Became a worshipper of Vehumet
  4032 | D:5      | Identified the ring of Wyoriwupt {rF+ rN+}
  4282 | D:5      | HP: 2/51 [orc priest/divine providence (10)]
  4284 | D:5      | Mangled by an orc warrior

Illustrated notes

Levels and vault maps discovered:
D:1:      minmay_arrival_jagged, layout_basic
D:2:      layout_rooms, serial_shops, shop, dreamdust_mushroom_princess,
          serial_park_tiny_2, kennysheep_decorative_pillar, uniq_terence,
          uniq_natasha
D:3:      layout_loops_cross, kennysheep_cross_room
D:4:      layout_loops_corners, mainiacjoe_overflow_surrounded_room,
          lemuel_coloured_pillars_altar, kennysheep_little_box,
          nicolae_shop_dragon_depot, minmay_manual_monstrance
D:5:      layout_loops_ring, minmay_temple_entry_grid,
          kennysheep_generic_room_14
Temple:   eino_temple_water

Skill      XL: |  1  2  3  4  5  6  7 |
---------------+----------------------+-----
Transmutations | 2 3 |  3.2
Fighting       | 1 2 |  2.8
Short Blades   | 1 2 |  2.8
Long Blades    | 1 2 |  2.8
Axes           | 1 2 |  2.8
Maces & Flails | 1 2 |  2.8
Polearms       | 1 2 |  2.8
Staves         | 1 2 |  2.8
Ranged Weapons | 1 2 |  2.8
Throwing       | 1 2 |  2.8
Armour         | 1 2 |  2.8
Shields        | 1 2 |  2.8
Unarmed Combat | 1 2 |  2.8
Spellcasting   | 5 6 |  6.1
Conjurations   | 1 2 |  2.3
Hexes          | 1 2 |  2.3
Summonings     | 1 2 |  2.3
Necromancy     | 1 2 |  2.3
Translocations | 1 2 |  2.3
Fire Magic     | 1 2 |  2.3
Ice Magic      | 1 2 |  2.3
Air Magic      | 1 2 |  2.3
Poison Magic   | 1 2 |  2.3
Invocations    | 1 2 3 |  3.1
Evocations     | 1 2 |  2.8
Dodging        | 5 |  5.4
Stealth        | 5 |  5.1
Earth Magic    | 6 |  6.0

Action                     |  1- 3 |  4- 6 |  7- 9 || total
---------------------------+-------+-------+-------++-------
   Cast: Sandblast         |    24 |    81 |    80 ||   185
         Stone Arrow       |       |       |     2 ||     2
    Use: Scroll            |       |     9 |     5 ||    14
         Potion            |       |       |     3 ||     3
 Armour: Robe              |       |     5 |    20 ||    25
  Dodge: Dodged            |     4 |    16 |    69 ||    89
